 Dungeon Crawl Stone Soup version 0.29.1-12-g30fa7ad0bf (webtiles) character file.

Game seed: 3052495347925076587

890 wormed the Chopper (level 7, 0/91 HPs)
             Began as a Minotaur Berserker on Dec 25, 2022.
             Was a Believer of Trog.
             Succumbed to a gnoll sergeant zombie's poison
             ... on level 4 of the Dungeon.
             The game lasted 00:06:57 (4666 turns).

wormed the Chopper (Minotaur Berserker)             Turns: 4666, Time: 00:06:57

Health: 0/91       AC: 14    Str: 23    XL:     7   Next: 77%
Magic:  6/6        EV:  7    Int:  4    God:    Trog [**....]
Gold:   138        SH:  8    Dex: 10    Spells: 6/6 levels left

rFire   . . .      SeeInvis .   a - +0 hand axe
rCold   . . .      Faith    .   q - +0 kite shield
rNeg    . . .      Spirit   .   t - +3 chain mail
rPois   .          Reflect  .   (helmet restricted)
rElec   .          Harm     .   (no cloak)
rCorr   .          Rampage  .   p - +0 pair of gloves
Will    .....                   (no boots)
Stlth   ..........              (no amulet)
HPRegen 0.25/turn               (no ring)
MPRegen 0.10/turn               (no ring)

@: berserking, lethally poisoned (0 -> -42), very quick
A: horns 2, retaliatory headbutt
a: Renounce Religion, Berserk, Trog's Hand


You were on level 4 of the Dungeon.
You worshipped Trog.
Trog was pleased with you.
You visited 1 branch of the dungeon, and saw 4 of its levels.

You collected 138 gold pieces.

Inventory:

Hand Weapons
 a - a +0 hand axe (weapon)
Missiles
 n - a throwing net
Armour
 p - a +0 pair of gloves (worn)
 q - a +0 kite shield (worn)
 t - a +3 chain mail (worn)
Jewellery
 h - a ring of magical power
 j - a ring of magical power
Wands
 b - a wand of polymorph (9)
 r - a wand of flame (5) (quivered)
Scrolls
 d - a scroll of immolation {unknown}
 g - a scroll of noise {unknown}
 s - a scroll of fog {unknown}
 u - a scroll of blinking {unknown}
Potions
 c - a potion of lignification
 e - 4 potions of curing
 k - 2 potions of flight
 m - 3 potions of resistance
 o - a potion of invisibility


   Skills:
 + Level 5.6 Fighting
 * Level 7.1 Axes
 + Level 4.9 Armour
 + Level 4.4 Dodging
 + Level 4.1 Shields


You had 6 spell levels left.
You didn't know any spells.
Your spell library was empty.

Dungeon Overview and Level Annotations

Branches:
Dungeon (4/15)
 Temple: D:4-7

Altars:

Shops:
D:1 :   D:4 :

Annotations:
D:4 1 transporter


Innate Abilities, Weirdness & Mutations

You have a pair of horns on your head.
You reflexively headbutt those who attack you in melee.


Message History

The gnoll sergeant zombie completely misses you.
The ogre zombie hits you with a +0 giant spiked club of venom!
You are poisoned.
A red film seems to cover your vision as you go berserk!
You feel yourself moving faster!
You feel mighty!
You feel very sick.
The ogre zombie hits you with a +0 giant spiked club of venom!
You are more poisoned.
The gnoll sergeant zombie hits you from afar with a +2 spear of venom!
You are more poisoned.
You slash the ogre zombie!
The ogre zombie is almost destroyed.
You hit the ogre zombie.
You feel extremely sick.
The ogre zombie hits you with a +0 giant spiked club of venom.
You are more poisoned.
The gnoll sergeant zombie hits you from afar with a +2 spear of venom.
You are too berserk!
You slice the ogre zombie!!
You destroy the ogre zombie!
Trog accepts your kill.
You hit the ogre zombie.
* * * LOW HITPOINT WARNING * * *
You feel extremely sick.
You slash the ogre zombie! You headbutt the ogre zombie!
You feel the power of Trog in you as your rage grows.
You destroy the ogre zombie!
Trog accepts your kill.
* * * LOW HITPOINT WARNING * * *
You feel extremely sick.
The gnoll sergeant zombie hits you from afar with a +2 spear of venom.
* * * LOW HITPOINT WARNING * * *
You are more poisoned.
* * * LOW HITPOINT WARNING * * *
You feel extremely sick.
You see here a +0 giant spiked club of venom.
You slash the gnoll sergeant zombie!
Your headbutt misses the gnoll sergeant zombie.
The gnoll sergeant zombie is lightly damaged.
You die...

..........###......#.............
...#....#.##.#.....#.............
..##....#.##.....###.............
.................#######.........
.##......#########.○○○°#.........
###..#...##°○°○○°#☼°°☼○#.........
###.......#.°○°☼○#☼.°○☼#....#....
.[........#○☼#.#)°○°.$?#....#.##.
..#......©#°☼©..@Z°○.)©#©........
#...[.....#☼○#.#.○°°.$?#....#....
#.........#.°○.○○#.☼○○°#...##....
.........##°°°°☼°#.°○°°#.........
#.......##########○○○○°#.........
###.......#......#######.........
#........#...####........#....#.
#.........#..# #..#....)##......
##..####..#.####...##..#........


You could see a gnoll sergeant zombie.

Vanquished Creatures
  Pikel (D:4)
  A phantom (D:4)
  2 orc priests (D:4)
  2 orc wizards (D:4)
  Ijyb (D:3)
  2 ogre zombies (D:4)
  7 gnolls
  2 adders
  An ufetubus (D:2)
  2 worms (D:3)
  3 dart slugs (D:4)
  An orc (D:4)
  4 ball pythons
  5 endoplasms
  9 giant cockroaches
  5 goblins
  5 hobgoblins
  4 jackals (D:4)
  A quokka (D:3)
  9 bats
  7 kobolds
  6 rats
80 creatures vanquished.

Vanquished Creatures (others)
  10 plants (D:3)
10 creatures vanquished.

Grand Total: 90 creatures vanquished

Notes
Turn   | Place    | Note
-------+----------+-------------------------------------------
     0 | D:1      | wormed the Minotaur Berserker began the quest for the Orb.
     0 | D:1      | Reached XP level 1. HP: 19/19 MP: 0/0
   318 | D:1      | Reached XP level 2. HP: 25/27 MP: 1/1
   385 | D:1      | Found Cuelin Lamo's Book Emporium.
   585 | D:1      | Reached skill level 4 in Axes
   967 | D:2      | You fall into a shaft and drop 2 floors!
  1074 | D:2      | Reached skill level 1 in Shields
  1074 | D:2      | Reached XP level 3. HP: 17/33 MP: 2/2
  1395 | D:2      | Reached XP level 4. HP: 12/40 MP: 3/3
  1434 | D:2      | Reached ** piety under Trog
  2150 | D:3      | Noticed Ijyb
  2175 | D:3      | Killed Ijyb
  3322 | D:4      | Reached XP level 5. HP: 42/47 MP: 4/4
  3444 | D:4      | Found a transporter.
  3446 | D:4      | Noticed a phantom
  3453 | D:4      | Killed a phantom
  3454 | D:4      | Reached skill level 5 in Axes
  3487 | D:4      | Found a transporter.
  3528 | D:4      | Noticed a lemure
  3529 | D:4      | Noticed Pikel
  3530 | D:4      | Noticed a lemure
  3530 | D:4      | Noticed a lemure
  3530 | D:4      | Noticed a lemure
  3971 | D:4      | Found Nifreg's Book Shoppe.
  4022 | D:4      | Killed Pikel
  4023 | D:4      | Reached skill level 5 in Fighting
  4023 | D:4      | Reached skill level 6 in Axes
  4023 | D:4      | Reached XP level 6. HP: 56/56 MP: 5/5
  4023 | D:4      | Reached XP level 7. HP: 61/61 MP: 6/6
  4218 | D:4      | Reached skill level 7 in Axes
  4666 | D:4      | Succumbed to a gnoll sergeant zombie's poison

Illustrated notes

Levels and vault maps discovered:
D:1:      kennysheep_arrival_seaside, layout_loops_ring, serial_shops,
          nicolae_diamond_shop, lemuel_flame_loot_1
D:2:      layout_loops_ring
D:3:      layout_loops_cross, serial_forest, infiniplex_forest_split,
          infiniplex_forest_lined_1, infiniplex_forest_end_3,
          infiniplex_forest_end_3, infiniplex_forest_clump_double,
          infiniplex_forest_lined_room_3, infiniplex_forest_clump_diagonal,
          infiniplex_forest_clump_double, uniq_ijyb
D:4:      gammafunk_cloud_chamber, layout_cave_pools, serial_shops,
          nicolae_shop_statue_plus, grunt_ministairs_6, kennysheep_boxes,
          uniq_pikel

Skill      XL: |  1  2  3  4  5  6  7 |
---------------+----------------------+-----
Axes           | 4 6 7 |  7.1
Fighting       | 4 5 |  5.6
Shields        | 1 2 3 4 |  4.1
Armour         | 3 4 |  4.9
Dodging        | 3 4 |  4.4

Action                   |  1- 3 |  4- 6 |  7- 9 || total
-------------------------+-------+-------+-------++-------
Melee: Hand axe          |    70 |   128 |    39 ||   237
       Headbutt          |     8 |    20 |     7 ||    35
       Punch             |       |     1 |       ||     1
Throw: Throwing net      |       |     1 |       ||     1
Invok: Berserk           |       |     2 |     2 ||     4
Evoke: Wand              |       |     4 |       ||     4
  Use: Scroll            |       |     3 |       ||     3
       Potion            |       |     1 |       ||     1
 Stab: Sleeping          |     1 |       |       ||     1
Armor: Animal skin       |     3 |       |       ||     3
       Leather armour    |    17 |       |       ||    17
       Chain mail        |     2 |    66 |    45 ||   113
Dodge: Dodged            |    52 |    35 |    12 ||    99
Block: Kite shield       |       |    32 |    17 ||    49
